Map: Year Zero LE

Players

IIIIIIIIIII - Winner!

  • Race: Zerg Zerg
  • Spawn Location: 11:00

Freeman

  • Race: Zerg Zerg
  • League: Master
  • Spawn Location: 1:00

VOD

Have the link to the VOD?

Description

Time

  • Played on: Jan. 24, 2019, 5:28 a.m.
  • Length: 19:14
Show
View Real Time Build Order
Export as new Build Order

IIIIIIIIIII Zerg - Winner!

Build Orders: Hatch First, Lurkers 

Get SALT Encoding   

  12  0:02  Drone  
  13  0:13  Overlord  
  13  0:18  Drone  
  14  0:31  Drone  
  14  0:32  Drone  
  16  0:50  Hatchery  
  16  0:53  Drone  
  16  0:56  Drone  
  17  1:00  Drone  
  18  1:11  Extractor  
  17  1:14  Spawning Pool  
  16  1:19  Drone  
  16  1:22  Drone  
  18  1:30  Drone  
  19  1:40  Drone  
  20  1:52  Overlord  
  20  2:01  Queen  
  20  2:02  Queen  
  20  2:03  Drone  
  20  2:04  Drone  
  26  2:11  Metabolic Boost  
  26  2:13  Drone  
  26  2:14  Drone  
  28  2:24  Zergling x4  
  30  2:35  Zergling x2  
  30  2:36  Zergling x2  
  32  2:41  Hatchery  
  31  2:44  Drone  
  31  2:48  Overlord  
  32  3:01  Drone x2, Baneling Nest  
  33  3:06  Overlord  
  33  3:09  Drone x2  
  33  3:12  Drone  
  36  3:16  Zergling x2  
  36  3:17  Zergling x2  
  38  3:21  Drone  
  38  3:22  Drone  
  38  3:25  Overlord  
  40  3:28  Drone  
  40  3:31  Drone  
  42  3:35  Evolution Chamber  
  41  3:43  Drone x2  
  41  3:45  Drone x2  
  41  3:48  Queen  
  45  3:51  Baneling x2  
  45  3:53  Baneling x3  
  45  3:55  Zergling x2  
  47  3:59  Zergling x4  
  49  4:03  Zergling x4  
  49  4:09  Zergling x8  
  54  4:11  Baneling  
  54  4:16  Zergling x6  
  57  4:23  Zergling x8  
  57  4:28  Overlord  
  56  4:32  Zerg Missile Weapons Level 1  
  56  4:33  Extractor  
  56  4:35  Extractor  
  56  4:36  Drone x3  
  57  4:41  Overlord  
  57  4:47  Drone x4  
  61  4:58  Drone  
  61  4:59  Drone x4  
  65  5:03  Baneling x2  
  65  5:04  Roach Warren  
  65  5:07  Drone x2  
  65  5:10  Drone x2  
  67  5:14  Lair  
  67  5:19  Drone x2  
  69  5:23  Drone x3  
  73  5:28  Drone  
  73  5:38  Drone x2  
  73  5:42  Baneling x2  
  74  5:44  Baneling x2, Overlord  
  74  5:47  Roach x4  
  79  5:52  Overlord  
  79  5:54  Roach  
  78  6:00  Drone x6  
  80  6:04  Drone x2  
  80  6:07  Drone  
  80  6:10  Queen  
  80  6:11  Extractor  
  82  6:12  Drone x2  
  82  6:13  Drone  
  82  6:15  Glial Reconstitution  
  82  6:17  Queen  
  87  6:19  Overseer  
  87  6:21  Overlord  
  87  6:22  Drone  
  87  6:23  Drone  
  89  6:26  Spore Crawler  
  89  6:28  Baneling x2  
  89  6:31  Spore Crawler  
  89  6:32  Drone x4  
  91  6:36  Zerg Ground Armor Level 1, Spore Crawler  
  91  6:37  Spore Crawler  
  91  6:39  Spore Crawler  
  88  6:42  Extractor  
  88  6:43  Drone  
  88  6:44  Drone, Hydralisk Den  
  88  6:45  Extractor, Drone  
  88  6:50  Spore Crawler x2  
  88  6:52  Drone x3  
  88  6:54  Drone  
  88  6:57  Queen  
  88  7:00  Queen  
  93  7:02  Drone  
  93  7:06  Pneumatized Carapace  
  94  7:10  Roach x2  
  94  7:13  Baneling x2  
  98  7:19  Overseer  
  98  7:20  Overlord  
  98  7:21  Grooved Spines  
  98  7:24  Lurker Den  
  98  7:25  Overlord  
  98  7:29  Overlord  
  97  7:38  Queen  
  97  7:40  Overlord  
  97  7:42  Roach x3  
  97  7:43  Overlord x3  
  105  7:44  Overlord  
  105  7:45  Drone  
  106  7:53  Queen  
  106  8:00  Hydralisk x5  
  116  8:08  Hydralisk x4  
  124  8:14  Infestation Pit  
  124  8:16  Baneling x2  
  122  8:20  Hydralisk x2  
  122  8:21  Hydralisk  
  128  8:27  Spore Crawler  
  128  8:28  Overlord  
  128  8:29  Hydralisk x2  
  131  8:34  Roach  
  131  8:35  Roach x2  
  137  8:45  Spore Crawler  
  137  8:46  Drone x2  
  137  8:47  Spore Crawler  
  137  8:50  Lurker x4  
  137  8:53  Zerg Missile Weapons Level 2  
  141  8:58  Drone x4  
  141  9:01  Spine Crawler, Lurker  
  141  9:13  Hydralisk  
  141  9:14  Hydralisk, Roach  
  141  9:15  Roach x3  
  151  9:22  Lurker  
  151  9:34  Spore Crawler  
  151  9:36  Spore Crawler  
  151  9:37  Extractor, Spore Crawler  
  147  9:38  Queen  
  147  9:44  Hatchery  
  150  9:50  Spore Crawler  
  149  9:56  Hive  
  149  9:57  Drone x2  
  149  9:59  Roach x2  
  153  10:01  Overlord x2  
  153  10:05  Overlord  
  153  10:08  Overlord x2  
  153  10:09  Muscular Augments  
  153  10:10  Overlord, Overseer  
  152  10:23  Drone  
  152  10:24  Drone x3  
  152  10:26  Hydralisk x6  
  152  10:48  Spore Crawler  
  152  10:49  Spore Crawler  
  149  10:54  Hydralisk x2  
  149  10:55  Roach x5  
  163  11:11  Hydralisk x10  
  161  11:17  Spore Crawler  
  180  11:20  Spore Crawler  
  179  11:30  Viper  
  179  11:31  Viper x2  
  177  11:49  Adaptive Talons  
  177  11:59  Drone x3  
  180  12:02  Overseer  
  180  12:03  Zerg Missile Weapons Level 3  
  180  12:05  Hatchery, Spore Crawler  
  180  12:06  Extractor, Spore Crawler  
  180  12:07  Extractor, Spore Crawler  
  180  12:08  Drone x3  
  177  12:10  Drone x3, Spore Crawler  
  177  12:11  Drone x3  
  180  12:25  Drone x2  
  180  12:26  Drone x2  
  180  12:27  Drone x2  
  186  12:36  Hydralisk x2, Spore Crawler  
  187  12:38  Spore Crawler  
  187  12:44  Hydralisk x2, Unknown, Spore Crawler  
  164  12:47  Hydralisk, Unknown  
  142  12:52  Hydralisk x2  
  142  12:58  Hydralisk  
  130  13:03  Hydralisk x2, Overseer x2  
  134  13:10  Unknown  
  134  13:16  Extractor  
  133  13:23  Hydralisk x6  
  145  13:27  Drone x2  
  147  13:41  Viper x3  
  147  13:45  Lurker x3  
  159  13:51  Lurker x2  
  161  14:03  Spore Crawler  
  161  14:06  Hydralisk x4  
  168  14:14  Hydralisk x2  
  168  14:16  Spore Crawler  
  171  14:24  Hydralisk x4  
  171  14:28  Spore Crawler  
  171  14:30  Spore Crawler  
  177  14:37  Hydralisk x3  
  183  14:39  Lurker  
  183  14:40  Zerg Ground Armor Level 2  
  183  14:41  Hydralisk  
  183  14:43  Lurker  
  187  14:48  Hydralisk x2  
  189  14:54  Unknown x2  
  189  14:57  Unknown  
  189  14:59  Unknown  
  189  15:00  Hydralisk x4  
  189  15:06  Hydralisk  
  199  15:16  Lurker  
  200  15:56  Unknown  
  200  16:18  Hydralisk x4, Unknown x2  
  192  16:25  Hydralisk x19  
  189  16:28  Hydralisk  
  195  16:36  Hydralisk x4  
  157  16:47  Lurker x4  
  157  16:50  Hydralisk  
  157  16:51  Hydralisk x3  
  169  17:00  Lurker x5  
  174  17:06  Hydralisk x2  
  174  17:07  Hydralisk x2  
  176  17:14  Lurker  
  177  17:23  Lurker x2  
  177  17:24  Hatchery  
  177  17:25  Hydralisk  
  180  17:39  Roach x8  
  200  17:44  Roach x2  
  200  17:48  Extractor  
  200  17:51  Extractor, Unknown  
  186  17:52  Roach x3  
  186  17:56  Unknown  
  192  18:08  Lurker x2  
  192  18:09  Lurker x2  
  192  18:10  Roach  
  192  18:11  Hatchery  
  197  18:29  Unknown  
  184  18:35  Roach x6  
  196  18:47  Hydralisk x2  
Show
View Real Time Build Order
Export as new Build Order

Freeman Zerg 

Build Orders: Hatch First, Muta Ling Bane 

Get SALT Encoding   

  12  0:00  Drone  
  13  0:12  Overlord  
  13  0:18  Drone  
  14  0:31  Drone x2  
  16  0:49  Hatchery  
  15  0:52  Drone  
  15  0:56  Drone  
  17  0:59  Drone  
  18  1:11  Extractor  
  17  1:14  Spawning Pool  
  16  1:18  Drone  
  16  1:21  Drone  
  18  1:28  Drone  
  19  2:00  Overlord  
  19  2:01  Queen x2  
  19  2:02  Zergling x6  
  26  2:12  Metabolic Boost  
  26  2:14  Drone  
  27  2:18  Drone  
  28  2:27  Drone x2  
  30  2:40  Hatchery  
  30  2:43  Drone  
  31  2:44  Drone  
  30  3:00  Baneling Nest  
  30  3:03  Drone x3  
  30  3:04  Overlord  
  32  3:11  Drone  
  32  3:12  Zergling x2  
  34  3:13  Drone  
  35  3:25  Overlord  
  35  3:27  Zergling x2  
  35  3:28  Zergling x6  
  39  3:40  Zergling x4  
  39  3:41  Zergling x4  
  43  3:42  Overlord  
  43  3:53  Queen  
  43  3:55  Drone x3  
  47  3:56  Drone x2  
  47  3:57  Baneling  
  47  4:00  Drone  
  47  4:02  Drone  
  52  4:10  Baneling  
  41  4:24  Lair  
  41  4:26  Extractor, Zergling x18  
  41  4:27  Extractor  
  48  4:32  Zergling x6  
  48  4:36  Extractor  
  50  4:43  Zergling x6  
  50  4:44  Baneling, Zergling x2  
  50  4:45  Baneling  
  54  4:46  Baneling x2  
  54  4:56  Drone x4  
  56  5:05  Drone x2  
  56  5:06  Drone  
  59  5:07  Overlord  
  59  5:08  Drone x4  
  59  5:13  Drone x2  
  65  5:18  Drone  
  65  5:26  Spire  
  64  5:37  Drone x2  
  64  5:38  Drone x5  
  69  5:44  Drone x4  
  69  5:45  Drone  
  71  5:59  Overlord x3  
  71  6:00  Extractor  
  71  6:01  Extractor  
  71  6:03  Evolution Chamber  
  61  6:08  Zergling x6  
  63  6:26  Drone x6  
  63  6:27  Drone  
  63  6:29  Baneling  
  63  6:32  Overlord x2  
  70  6:41  Mutalisk x7  
  84  6:47  Mutalisk x2  
  86  6:55  Zerg Flyer Weapons Level 1  
  86  6:58  Mutalisk x2  
  90  7:03  Drone x5  
  95  7:13  Mutalisk x2, Zerg Melee Weapons Level 1  
  99  7:19  Zergling x8  
  99  7:20  Hatchery  
  102  7:26  Overseer  
  102  7:28  Overlord x2  
  102  7:34  Centrifical Hooks  
  102  7:46  Mutalisk x3  
  102  7:48  Zergling x18  
  117  8:00  Mutalisk  
  117  8:01  Mutalisk  
  117  8:02  Overlord x2  
  121  8:08  Drone x2  
  121  8:09  Drone  
  124  8:18  Extractor  
  124  8:19  Mutalisk x3  
  125  8:20  Extractor, Overlord  
  125  8:21  Overlord  
  125  8:22  Drone x2  
  130  8:28  Drone x2, Zergling x2  
  130  8:29  Zergling x4  
  130  8:31  Baneling  
  130  8:32  Baneling x10  
  135  8:42  Mutalisk  
  137  8:51  Spine Crawler  
  137  8:52  Spine Crawler  
  137  8:54  Spine Crawler  
  137  8:55  Baneling x4  
  134  8:56  Baneling x8  
  134  8:57  Zergling x12  
  134  8:58  Zergling x2  
  141  9:13  Mutalisk x3  
  141  9:16  Zergling x8  
  147  9:17  Overlord x2  
  147  9:18  Spine Crawler  
  146  9:25  Mutalisk x3  
  150  9:36  Zergling x20  
  157  9:54  Mutalisk x6  
  169  10:03  Infestation Pit  
  169  10:04  Zerg Melee Weapons Level 2  
  166  10:08  Mutalisk  
  159  10:26  Mutalisk x4  
  160  10:33  Mutalisk  
  160  10:35  Zergling x14  
  160  10:36  Zergling x14  
  170  10:51  Overseer x2, Hive  
  170  10:52  Pneumatized Carapace  
  170  10:54  Drone x3, Queen  
  175  10:57  Overlord x3  
  175  11:01  Zerg Flyer Weapons Level 2  
  169  11:18  Mutalisk x2  
  169  11:19  Mutalisk x3  
  167  11:35  Mutalisk x3  
  164  11:46  Mutalisk x3  
  168  12:03  Drone x3  
  168  12:04  Drone x2  
  168  12:05  Ultralisk Cavern  
  168  12:06  Mutalisk x2  
  176  12:14  Hatchery  
  171  12:17  Overlord  
  171  12:19  Drone x5  
  137  12:53  Mutalisk x4  
  137  12:54  Mutalisk x4  
  140  13:06  Chitinous Plating  
  138  13:20  Adrenal Glands  
  138  13:22  Zerg Melee Weapons Level 3  
  138  13:26  Drone x4  
  142  13:28  Extractor  
  142  13:31  Overseer  
  142  13:32  Overseer  
  142  13:33  Extractor  
  140  13:35  Ultralisk  
  140  13:39  Ultralisk  
  152  13:47  Ultralisk  
  158  13:58  Ultralisk  
  164  14:06  Ultralisk  
  170  14:10  Zergling x14  
  170  14:11  Zergling x10  
  170  14:15  Ultralisk  
  188  14:25  Anabolic Synthesis  
  188  14:29  Ultralisk  
  188  14:30  Overseer  
  143  15:07  Ultralisk x3  
  143  15:08  Ultralisk  
  167  15:21  Ultralisk, Zergling x16  
  174  15:22  Zergling x22  
  192  15:41  Overseer  
  192  15:42  Overseer  
  192  15:43  Baneling x6, Hatchery  
  192  15:44  Baneling x10  
  192  15:45  Ultralisk  
  192  15:46  Overlord x3  
  195  15:56  Baneling x13  
  187  16:07  Zergling x8  
  187  16:08  Zergling x12  
  170  16:29  Ultralisk x3  
  170  16:30  Zergling x6  
  183  16:39  Ultralisk  
  165  16:40  Ultralisk x2  
  165  16:45  Overseer x3  
  158  16:59  Ultralisk  
  157  17:06  Ultralisk  
  157  17:08  Drone x5  
  164  17:12  Ultralisk  
  171  17:16  Overseer x2  
  171  17:21  Zergling x8  
  171  17:22  Zergling x18  
  184  17:23  Ultralisk  
  184  17:25  Baneling x2  
  190  17:39  Overseer x3  
  183  17:59  Overlord x5  
  183  18:05  Overseer x2  
  183  18:06  Overseer  
  183  18:20  Extractor  
  183  18:22  Ultralisk x3  
  183  18:24  Extractor  
  159  18:45  Viper  
Tags
 
Add a new tag
Caveats
  • Supply blocks, unpowered buildings, or Contaminate may cause inaccurate times.
  • Supply counts are checked every 10 seconds.